 Dungeon Crawl Stone Soup version 0.30-a0-1160-g6e42c06551 (webtiles) character file.

Game seed: 7788994112474251331

2670 jimonade the Cudgeller (level 9, -3/69 HPs)
             Began as a Mummy Monk on Apr 26, 2023.
             Was an Initiate of Ru.
             Killed from afar by a gargoyle (24 damage)
             ... with a stone arrow
             ... on level 7 of the Dungeon.
             The game lasted 00:22:34 (7610 turns).

jimonade the Cudgeller (Mummy Monk)                 Turns: 7610, Time: 00:22:36

Health: -3/69      AC: 12    Str: 19    XL:     9   Next: 37%
Magic:  17/17      EV: 17    Int: 12    God:    Ru [......]
Gold:   344        SH:  5    Dex: 14    Spells: 18/19 levels left

rFire   . . .        a - +0 mace
rCold   + . .        c - orb {light}
rNeg    + + +        I - +0 ring mail
rPois   ∞            o - +0 helmet
rElec   .            J - +0 cloak
rCorr   .            g - +2 pair of gloves {Str+3}
SInv    .            d - +0 pair of boots
Will    +....        A - amulet of reflection Stlth
                     e - ring of protection from fire
HPRegen 0.31/turn    F - +5 ring of evasion
MPRegen 0.15/turn

%: reflection, faith
@: about to teleport, glowing
A: cold resistance 1, negative energy resistance 3, torment resistance 2, heat
vulnerability 1, no stealth, in touch with death 1, no potions, faith
a: Renounce Religion


You were on level 7 of the Dungeon.
You worshipped Ru.
Ru was noncommittal.
You visited 2 branches of the dungeon, and saw 8 of its levels.

You collected 344 gold pieces.

Inventory:

Hand Weapons
 a - a +0 mace (weapon)
 b - a +2 dagger of venom
 f - a +2 dagger of flaming
 j - a +0 whip
 r - a +1 heavy hand axe
 v - a +0 sling
 w - a +0 dire flail
 x - a +0 dagger
 z - a +0 quarterstaff
 C - a +0 flail
 E - a +4 dagger
 H - a +5 dagger
Missiles
 l - 57 stones (quivered)
Armour
 c - an orb of light (worn)
 d - a +0 pair of boots (worn)
 g - a +2 pair of gloves of strength (worn)
 h - a +0 chain mail
 o - a +0 helmet (worn)
 p - a +0 leather armour
 I - a +0 ring mail (worn)
 J - a +0 cloak (worn)
Magical Staves
 M - a staff of fire
Jewellery
 e - a ring of protection from fire (left hand)
 A - an amulet of reflection (around neck)
 F - a +5 ring of evasion (right hand)
 K - a ring of wizardry
Wands
 s - a wand of iceblast (18)
 D - a wand of paralysis (3)
Scrolls
 i - a scroll of silence
 k - a scroll of poison
 m - a scroll of teleportation
 n - 2 scrolls of torment
 q - 2 scrolls of immolation
 t - 3 scrolls of fog
 u - a scroll of amnesia {unknown}
 y - a scroll of magic mapping {unknown}
 B - 2 scrolls of fear {unknown}
 G - 2 scrolls of identify
 L - 2 scrolls of noise {unknown}


   Skills:
 + Level 5.8 Fighting
 + Level 6.3 Maces & Flails
 + Level 0.1 Throwing
 + Level 3.2 Armour
 + Level 3.7 Dodging
 + Level 1.9 Shields
 * Level 5.9 Spellcasting
 * Level 4.9 Necromancy


You had 18 spell levels left.
You knew the following spells:

 Your Spells              Type           Power      Damage    Failure   Level
a - Necrotise             Necr           92%        1d8       4%          1

Your spell library contained the following spells:

 Spells                   Type           Power      Damage    Failure   Level
 Cigotuvi's Dreadful Rot  Necr/Pois/Air  22%        N/A       24%         2
 Apportation              Tloc           6%         N/A       30%         1
 Summon Small Mammal      Summ           12%        N/A       30%         1
 Dispel Undead            Necr           23%        3d12      38%         4
 Lesser Beckoning         Tloc           6%         N/A       43%         2
 Static Discharge         Conj/Air       6%         2-3/arc   43%         2
 Gell's Gravitas          Tloc           3%         N/A       67%         3
 Teleport Other           Tloc           3%         N/A       67%         3
 Airstrike                Air            1%         2d(1-17)  97%         4
 Summon Lightning Spire   Summ/Air       3%         N/A       97%         4
 Death Channel            Necr           11%        N/A       99%         6


Dungeon Overview and Level Annotations

Branches:
Dungeon (7/15)             Temple (1/1) D:6

Altars:
Ashenzari
Cheibriados
Dithmenos
Fedhas
Gozag
Hepliaklqana
Kikubaaqudgha
Makhleb
Okawaru
Qazlal
Ru
Sif Muna
Trog
Uskayaw
Vehumet
Xom

Shops:
D:2 :   D:4 (

Annotations:
Temple 2 transporters


Innate Abilities, Weirdness & Mutations

You are immune to poison.
Your flesh is cold resistant. (rC+)
You are immune to negative energy. (rN+++)
You are immune to unholy pain and torment.
You are vulnerable to heat. (rF-)
You cannot be stealthy.
You are in touch with the powers of death.
You do not drink.
You have a special connection with the divine. (Faith)


Message History

You sock the gargoyle!
The gargoyle is moderately damaged.
The helpless gargoyle fails to defend itself.
You hit the gargoyle but do no damage.
The gargoyle is moderately damaged.
The helpless gargoyle fails to defend itself.
You hit the gargoyle but do no damage.
The gargoyle is moderately damaged.
The helpless gargoyle fails to defend itself.
You hit the gargoyle but do no damage.
The gargoyle is moderately damaged.
The gargoyle is no longer paralysed.
The gargoyle hurls a stone arrow at you.
The stone arrow hits you!
You hit the gargoyle but do no damage.
The gargoyle is lightly damaged.
The gargoyle hits you with a +0 flail!
You hit the gargoyle but do no damage.
The gargoyle is lightly damaged.
The gargoyle hurls a stone arrow at you.
The stone arrow hits you! The gargoyle misses you.
Aiming: Paralyse
Press: ? - help, Shift-Dir - straight line, f/p - gargoyle
Aim: a gargoyle, wielding a +0 flail (lightly damaged, haloed, chance to affect: 31%)
The gargoyle easily resists.
The gargoyle hurls a stone arrow at you.
The stone arrow hits you!
* * * LOW HITPOINT WARNING * * *
Aiming: Paralyse
Press: ? - help, Shift-Dir - straight line, f/p - gargoyle
Aim: a gargoyle, wielding a +0 flail (lightly damaged, haloed, chance to affect: 31%)
The gargoyle easily resists.
The gargoyle hurls a stone arrow at you.
You block stone arrow... and reflect it back!
The stone arrow hits the gargoyle!!
As you read the scroll of teleportation, it crumbles to dust.
You feel strangely unstable.
The gargoyle hurls a stone arrow at you.
The stone arrow hits you!!
You die...

###...)....##
............ .
#.........## ..#
........... ....#
#.........# . #...###
#.........####.
#...###..~~~...###..
###.@9..~~#~~......##
######~## # #.o).
#~~# ~#.##.### #~##
~~....... ##~#
#~....... #########
###.~# #~......#
#.......# #..~~#
#~....#.# #.......#
##.#~## #~.......
#.......###..#~#
#~~......


You could see a gargoyle.

Vanquished Creatures
  A wraith (D:7)
  3 water moccasins
  An orc warrior (D:6)
  An ice beast (D:4)
  3 ogres
  A centaur (D:7)
  A phantom (D:5)
  Blork the orc (D:4)
  A bullfrog (D:6)
  A gnoll sergeant (D:7)
  6 scorpions
  3 howler monkeys (D:6)
  2 orc priests (D:5)
  3 hounds
  2 jellies
  2 sleepcaps (D:4)
  Natasha (thrice) (D:3)
  2 gnoll boudas
  6 iguanas
  2 orc wizards
  Robin (D:3)
  8 adders
  13 gnolls
  A white imp (D:6)
  4 worms
  2 dart slugs (D:4)
  23 orcs
  5 endoplasms
  A giant cockroach (D:2)
  14 goblins
  8 hobgoblins
  4 quokkas
  4 ball pythons
  4 bats
  2 frilled lizards (D:1)
  4 kobolds
  6 rats
149 creatures vanquished.

Vanquished Creatures (collateral kills)
  A gnoll (D:6)
1 creature vanquished.

Grand Total: 150 creatures vanquished

Notes
Turn   | Place    | Note
-------+----------+-------------------------------------------
     0 | D:1      | jimonade the Mummy Monk began the quest for the Orb.
     0 | D:1      | Reached XP level 1. HP: 18/18 MP: 1/1
   406 | D:1      | Reached XP level 2. HP: 24/24 MP: 2/2
  1193 | D:2      | Gained mutation: You are in touch with the powers of death.
                  | [Mummy growth]
  1193 | D:2      | Reached XP level 3. HP: 28/29 MP: 3/3
  1310 | D:2      | Reached skill level 3 in Maces & Flails
  1346 | D:2      | Found Gyqec's Book Shoppe.
  1551 | D:3      | Reached XP level 4. HP: 36/37 MP: 4/4
  1611 | D:3      | Noticed Natasha
  1616 | D:3      | Killed Natasha
  1617 | D:3      | Reached skill level 1 in Spellcasting
  1617 | D:3      | Reached skill level 1 in Necromancy
  1718 | D:3      | Noticed Natasha
  1726 | D:3      | Killed Natasha
  1727 | D:3      | Reached XP level 5. HP: 33/42 MP: 6/6
  2251 | D:3      | Noticed Natasha
  2263 | D:3      | Killed Natasha
  2571 | D:4      | Identified a scroll of acquirement
  2572 | D:4      | Acquired a +2 pair of gloves of strength
  2649 | D:4      | Noticed Robin
  2691 | D:3      | Reached skill level 1 in Armour
  2811 | D:3      | Killed Robin
  3019 | D:4      | Reached XP level 6. HP: 48/49 MP: 6/8
  3233 | D:4      | Reached skill level 4 in Maces & Flails
  3234 | D:4      | Found Rucrem's Weapon Emporium.
  3337 | D:3      | Reached XP level 7. HP: 18/55 MP: 10/10
  3572 | D:4      | Reached skill level 5 in Fighting
  3626 | D:4      | Noticed Blork the orc
  3636 | D:4      | Killed Blork the orc
  3917 | D:5      | Entered Level 5 of the Dungeon
  4538 | D:4      | Reached XP level 8. HP: 43/62 MP: 12/12
  4776 | D:5      | Reached skill level 1 in Shields
  4820 | D:5      | Learned a level 1 spell: Necrotise
  4979 | D:5      | Reached skill level 5 in Maces & Flails
  5884 | D:6      | Found a staircase to the Ecumenical Temple.
  5901 | D:6      | Reached skill level 5 in Spellcasting
  5916 | Temple   | Entered the Ecumenical Temple
  5916 | Temple   | Found a transporter.
  5916 | Temple   | Found a transporter.
  5918 | Temple   | Found a transporter.
  5918 | Temple   | Found a transporter.
  5939 | Temple   | Became a worshipper of Ru the Awakened
  5944 | Temple   | Gained mutation: You cannot be stealthy. [Ru sacrifice]
  6179 | D:6      | Reached XP level 9. HP: 64/69 MP: 16/16
  6219 | D:6      | Reached skill level 6 in Maces & Flails
  6941 | D:7      | Noticed a boulder beetle
  7183 | D:7      | Noticed a gargoyle
  7490 | D:7      | Found a broken altar of Ashenzari.
  7610 | D:7      | Killed from afar by a gargoyle

Illustrated notes

Levels and vault maps discovered:
D:1:      nicolae_arrival_somewhat_less_tricky_arrival, layout_basic,
          minmay_misc_feat_hallway, nrook_campfire, hex_tiny
D:2:      layout_basic, serial_shops, nicolae_shop_trees
D:3:      layout_loops_ring, roderic_lattice_a, uniq_natasha
D:4:      layout_basic, serial_shops, nicolae_shop_bloodbath_and_beyond,
          uniq_blork_the_orc, uniq_robin
D:5:      layout_basic, mainiacjoe_overflow_six_doors_small
D:6:      layout_gridville, minmay_temple_entry_slanted, grunt_ministairs_6,
          nicolae_titane
D:7:      layout_rooms, mainiacjoe_overflow_paths, minmay_manual_mullet
Temple:   hellmonk_temple_divided_pantheon

Skill      XL: |  1  2  3  4  5  6  7  8  9 |
---------------+----------------------------+-----
Maces & Flails | 3 4 5 6 |  6.3
Spellcasting   | 1 2 3 5 |  5.9
Necromancy     | 1 2 3 4 |  4.9
Fighting       | 4 5 |  5.8
Armour         | 1 2 3 |  3.2
Dodging        | 3 |  3.7
Shields        | 1 |  1.9
Throwing       | |  0.1

Action                     |  1- 3 |  4- 6 |  7- 9 || total
---------------------------+-------+-------+-------++-------
  Melee: Mace              |   108 |   188 |   431 ||   727
         Dagger            |       |       |     6 ||     6
  Throw: Throwing net      |       |     1 |     2 ||     3
   Cast: Necrotise         |       |       |    31 ||    31
 Invoke: Sacrifice Stealth |       |       |     1 ||     1
  Evoke: Wand              |       |       |     5 ||     5
    Use: Scroll            |       |     6 |     3 ||     9
   Stab: Held in net/web   |       |       |     4 ||     4
         Paralysed         |       |       |     9 ||     9
 Armour: Chain mail        |    59 |    99 |    47 ||   205
         Leather armour    |       |       |    58 ||    58
         Ring mail         |       |       |    21 ||    21
  Dodge: Dodged            |    40 |    63 |   245 ||   348
  Block: Orb               |       |    20 |    91 ||   111
         Reflection        |       |     2 |     3 ||     5

Table legend: (Time is in decaauts)
 A = Elapsed time spent in this place.
 B = Non-inter-level travel time spent in this place.
 C = Inter-level travel time spent in this place.
 D = Time resting spent in this place.
 E = Time spent auto-exploring this place.
 F = Levels seen in this place.
 G = Mean time per level.
                   A        B        C        D        E       F      G
               +--------+--------+--------+--------+--------+-----+--------+
         Total |   7784 |   7392 |    392 |    730 |   4085 |   8 |  973.0 |
       Dungeon |   7741 |   7362 |    379 |    730 |   4079 |   7 | 1105.9 |
        Temple |     42 |     29 |     13 |      0 |      6 |   1 |   42.0 |
               +--------+--------+--------+--------+--------+-----+--------+

Top non-repeatable levels by time:
     D:4: 1708 daAuts
     D:3: 1391 daAuts
     D:6: 1306 daAuts
     D:5: 1169 daAuts
     D:1: 889 daAuts
     D:7: 641 daAuts
     D:2: 635 daAuts
  Temple: 42 daAuts
